 Dungeon Crawl Stone Soup version 0.19.1 (webtiles) character file.

1305 Gargoyl the Slasher (level 8, -2/65 (67) HPs)
             Began as a Ghoul Abyssal Knight on Dec 28, 2016.
             Was a Priest of Lugonu.
             Slain by a yak (10 damage)
             ... on level 7 of the Dungeon.
             The game lasted 00:11:46 (5233 turns).

Gargoyl the Slasher (Ghoul Abyssal Knight)          Turns: 5233, Time: 00:11:47

HP:   -2/65 (67)    AC: 13    Str: 16    XL:     8   Next: 57%
MP:   10/10         EV:  5    Int:  7    God:    Lugonu [***...]
Gold: 284           SH:  0    Dex: 10    Spells: 0 memorised, 7 levels left

rFire  . . .     SeeInvis .     g - +3 double sword (vamp)
rCold  + + +     Gourm    .     t - +0 plate armour
rNeg   + + +     Faith    .     (no shield)
rPois  ∞         Spirit   .     (no helmet)
rElec  .         Reflect  .     (no cloak)
rCorr  .         Harm     .     (no gloves)
MR     .....                    e - +0 pair of boots
Stlth  ..........               (no amulet)
                                w - ring of protection from cold
                                m - ring of protection from cold

@: rotting
A: rotting body, claws 1, carnivore 3, cold resistance 1, negative energy
resistance 3, slow regeneration 1, torment resistance, unbreathing
a: Depart the Abyss, Bend Space, Banish, Renounce Religion


You were on level 7 of the Dungeon.
You worshipped Lugonu.
Lugonu was most pleased with you.
You were not hungry.

You visited 1 branch of the dungeon, and saw 7 of its levels.
You visited the Abyss 1 time.

You collected 438 gold pieces.
You spent 154 gold pieces at shops.

Inventory:

Hand Weapons
 a - a +1 hand axe
 g - a +3 vampiric double sword (weapon)
 h - a +0 war axe
 v - a +1 trident of protection
Missiles
 u - 3 tomahawks (quivered)
Armour
 e - a +0 pair of boots (worn)
 t - a +0 plate armour (worn)
Jewellery
 j - an uncursed ring of stealth {unknown}
 m - a ring of protection from cold (left claw)
 o - an uncursed ring of see invisible {unknown}
 w - a ring of protection from cold (right claw)
Scrolls
 b - 4 scrolls of teleportation
 f - a scroll of identify
 i - 2 scrolls of remove curse
 s - a scroll of recharging
 x - a scroll of fear
Potions
 d - 3 potions of agility
 k - a potion of magic {unknown}
 l - a potion of curing
 n - 2 potions of might {unknown}
 p - a potion of lignification {unknown}
 q - 2 potions of degeneration {unknown}
Books
 y - a book of Frost

   Spells                             Type                      Level
   a - Freeze                         Ice                          1
   b - Throw Frost                    Conjuration/Ice              2
   c - Ozocubu's Armour               Charms/Ice                   3
   d - Throw Icicle                   Conjuration/Ice              4
   e - Summon Ice Beast               Ice/Summoning                4
Comestibles
 c - 8 meat rations
 r - a slice of pizza
 z - a beef jerky


   Skills:
 + Level 4.7 Fighting
 * Level 6.8 Long Blades
 + Level 1.8 Axes
 * Level 4.5 Armour
 + Level 1.1 Dodging
 * Level 4.0 Invocations


You had 7 spell levels left.
You didn't know any spells.

Dungeon Overview and Level Annotations

Branches:
Dungeon (7/15)             Temple (0/1) D:6

Altars:
Ashenzari
Nemelex Xobeh
Ru
Vehumet
Xom

Shops:
D:5 ?   D:7 =


Innate Abilities, Weirdness & Mutations

Your body is rotting away.
You thrive on raw meat.
You are immune to poison.
You have sharp fingernails.
You are carnivorous and can eat meat at any time.
Your flesh is cold resistant. (rC+)
You are immune to negative energy. (rN+++)
You regenerate slowly when monsters are visible.
You are immune to unholy pain and torment.
You can survive without breathing.


Message History

The yak gores you!
You slash the yak!
You feel better.
You kill the yak!
Lugonu accepts your kill.
Your Invocations skill increases to level 4!
You hit the yak but do no damage. The yak gores you!
Your plate armour prevents you from hitting the yak.
The yak gores you.
* * * LOW HITPOINT WARNING * * *
You slash the yak!
The yak is moderately wounded.
The yak gores you!
* * * LOW HITPOINT WARNING * * *
You barely miss the yak.
The yak is moderately wounded.
The yak gores you.
* * * LOW HITPOINT WARNING * * *
There is a stone staircase leading up here.
The yak gores you!
You die...

.... ...
#### ##..
##..# #.Y
#...###.#
##....##Y#
#.....#S.#
#......Y##
##......@#
#...≈.≈(##
#..≈≈.≈≈#
#..≈≈∩≈≈#
##.≈≈≈≈≈#
##.≈≈≈.#
##....#
##.###
##.#


You could see 3 yaks and an adder.

Vanquished Creatures
  A yak (D:7)
  An orc warrior (D:5)
  An ice beast (D:5)
  A phantom (D:6)
  A centaur (D:5)
  The ghost of Dolanko the Bolt Thrower, an amateur KoHu (D:3)
  A wyvern zombie (D:6)
  A bullfrog (D:7)
  A howler monkey (D:5)
  5 crimson imps
  A bullfrog zombie (D:6)
  A bullfrog skeleton (D:5)
  An orc priest (D:3)
  A hound (D:6)
  4 orc wizards
  A worker ant (D:6)
  A hound skeleton (D:4)
  2 adders
  4 shadow imps (D:5)
  An adder skeleton (D:4)
  3 worms
  A dart slug (D:2)
  6 leopard geckos
  11 orcs
  2 giant cockroaches (D:2)
  6 goblins
  5 hobgoblins
  10 jackals
  3 quokkas
  3 ball pythons
  8 bats
  8 frilled lizards
  9 kobolds
  8 rats
114 creatures vanquished.

Vanquished Creatures (others)
  An orc wizard (D:5)
  2 goblins (D:1)
  2 hobgoblins (D:1)
5 creatures vanquished.

Grand Total: 119 creatures vanquished

Notes
Turn   | Place    | Note
-------+----------+-------------------------------------------
     0 | Abyss:1  | Gargoyl the Ghoul Abyssal Knight began the quest for the Orb.
     0 | Abyss:1  | Reached XP level 1. HP: 19/19 MP: 1/1
    56 | Abyss:1  | Found a viscous altar of Jiyva.
   113 | Abyss:2  | Noticed a raiju
   146 | Abyss:3  | Noticed a wretched star
   148 | D:1      | Escaped the Abyss
   200 | D:1      | Reached skill level 1 in Dodging
   201 | D:1      | Reached XP level 2. HP: 22/26 MP: 2/2
   230 | D:1      | Reached * piety under Lugonu
   490 | D:1      | Reached skill level 1 in Long Blades
   602 | D:1      | Reached XP level 3. HP: 30/31 MP: 3/3
  1404 | D:2      | Reached skill level 2 in Long Blades
  1427 | D:2      | Found a shimmering altar of Xom.
  1433 | D:2      | Found a sacrificial altar of Ru.
  1453 | D:2      | Reached XP level 4. HP: 33/40 MP: 4/4
  1463 | D:2      | Found a shattered altar of Ashenzari.
  1528 | D:2      | Reached ** piety under Lugonu
  1898 | D:3      | Reached XP level 5. HP: 9/46 MP: 5/5
  2158 | D:3      | Noticed Dolanko's ghost (amateur KoHu)
  2193 | D:3      | Killed Dolanko's ghost
  2193 | D:3      | Reached skill level 3 in Long Blades
  2660 | D:4      | Reached XP level 6. HP: 52/52 MP: 6/6
  3251 | D:5      | Entered Level 5 of the Dungeon
  3468 | D:5      | Reached skill level 4 in Long Blades
  3610 | D:5      | Noticed an orc warrior
  3619 | D:5      | Killed an orc warrior
  3619 | D:5      | Reached *** piety under Lugonu
  3619 | D:5      | Reached XP level 7. HP: 21/59 MP: 8/8
  4135 | D:5      | Reached skill level 5 in Long Blades
  4265 | D:5      | Found Goavoeh's Magic Scroll Emporium.
  4277 | D:5      | Bought a scroll of enchant weapon for 105 gold pieces
  4277 | D:5      | Bought a scroll of fear for 49 gold pieces
  4460 | D:6      | Reached XP level 8. HP: 61/66 MP: 9/9
  4505 | D:6      | Found a sacrificial altar of Ru.
  4665 | D:6      | Found a staircase to the Ecumenical Temple.
  4874 | D:6      | Reached skill level 6 in Long Blades
  5154 | D:6      | Found a radiant altar of Vehumet.
  5154 | D:6      | Found a sparkling altar of Nemelex Xobeh.
  5188 | D:7      | Found Rasufeap's Jewellery Shop.
  5209 | D:7      | Noticed a yak
  5210 | D:7      | Noticed a yak
  5211 | D:7      | Noticed a yak
  5212 | D:7      | Noticed a yak
  5225 | D:7      | Killed a yak
  5233 | D:7      | Slain by a yak

Skill      XL: |  1  2  3  4  5  6  7  8 |
---------------+-------------------------+-----
Dodging        | 1 |  1.1
Armour         | 2 3 4 |  4.5
Long Blades    | 1 2 3 4 5 6 |  6.8
Fighting       | 4 |  4.7
Invocations    | 3 4 |  4.0
Axes           | |  1.8

Action                   |  1- 3 |  4- 6 |  7- 9 || total
-------------------------+-------+-------+-------++-------
Melee: Double sword      |   126 |   274 |   119 ||   519
Invok: Depart the Abyss  |     1 |       |       ||     1
  Use: Scroll            |     2 |    11 |     2 ||    15
       Potion            |       |     2 |       ||     2
  Eat: Chunk             |    19 |    28 |     7 ||    54
       Beef jerky        |       |       |     1 ||     1
Armor: Leather armour    |    21 |       |       ||    21
       Scale mail        |    46 |     7 |       ||    53
       Plate armour      |       |   265 |   112 ||   377
Dodge: Dodged            |   100 |    84 |    30 ||   214
       Rpst.: Double sword |    33 |    30 |    12 ||    75
